 Dungeon Crawl Stone Soup version 0.26-a0-639-g72c4674329 (webtiles) character file.

Game seed: 9291174791392169744

7252 Flugslaktarn the Cleaver (level 10, -1/100 HPs)
             Began as a Deep Dwarf Fighter on Sept 28, 2020.
             Slain by a vampire
             ... wielding an uncursed staff of earth
              (3 damage)
             ... on level 9 of the Dungeon.
             The game lasted 00:05:33 (6223 turns).

Flugslaktarn the Cleaver (Deep Dwarf Fighter)       Turns: 6223, Time: 00:05:34

Health: -1/100     AC: 17    Str: 20    XL:     10   Next: 88%
Magic:  0/0        EV:  8    Int:  9    God:
Gold:   533        SH: 11    Dex: 15    Spells: 9/9 levels left

rFire    . . .     SeeInvis .   u - +3 hand axe (freeze)
rCold    . . .     Faith    .   c - +0 kite shield
rNeg     . . .     Spirit   .   b - +0 scale mail
rPois    .         Reflect  .   y - +2 helmet
rElec    .         Harm     .   n - +0 cloak
rCorr    .         Rampage  .   f - +1 pair of gloves
MR       +....                  A - +1 pair of boots {Fly}
Stlth    ..........             (no amulet)
HPRegen  0.00/turn              (no ring)
MPRegen  0.07/turn              (no ring)

@: flying, non-regenerating, studying Fighting
A: damage resistance, heal wounds, sense surroundings 2, no regeneration
a: Heal Wounds, Stop Flying


You were on level 9 of the Dungeon.
You visited 2 branches of the dungeon, and saw 10 of its levels.

You collected 533 gold pieces.

Inventory:

Hand Weapons
 a - a +1 war axe
 u - a +3 hand axe of freezing (weapon)
   (You took it off a wight on level 7 of the Dungeon)
Armour
 b - a +0 scale mail (worn)
 c - a +0 kite shield (worn)
 f - a +1 pair of gloves (worn)
   (You found it on level 1 of the Dungeon)
 k - a scarf of resistance
   (You found it on level 6 of the Dungeon)
 n - a +0 cloak (worn)
   (You found it on level 6 of the Dungeon)
 y - a +2 helmet (worn)
   (You found it on level 7 of the Dungeon)
 A - a +1 pair of boots of flying (worn)
   (You found it on level 2 of the Dungeon)
Wands
 v - a wand of iceblast (18)
   (You found it on level 7 of the Dungeon)
Scrolls
 e - 3 scrolls of magic mapping
 g - a scroll of enchant armour
 l - 4 scrolls of enchant weapon
 m - a scroll of immolation
 o - a scroll of random uselessness {unknown}
 r - 4 scrolls of identify
 t - 2 scrolls of teleportation
 x - 8 scrolls of remove curse
Potions
 d - a potion of lignification {unknown}
 h - 2 potions of haste
 j - a potion of flight
 p - a potion of magic
 q - a potion of curing
 s - a potion of berserk rage {unknown}
 B - a potion of invisibility {unknown}
 C - 2 potions of brilliance {unknown}
Books
 i - a manual of Fighting
   (You found it on level 7 of the Dungeon)


   Skills:
 + Level 9.7 Fighting
 * Level 11.2 Axes
 + Level 8.6 Armour
 + Level 8.6 Shields


You had 9 spell levels left.
You didn't know any spells.
Your spell library was empty.

Dungeon Overview and Level Annotations

Branches:
Dungeon (9/15)             Temple (1/1) D:4            Lair (0/6) D:9
    Orc: D:9-12

Altars:
Ashenzari
Cheibriados
Dithmenos
Elyvilon
Fedhas
Kikubaaqudgha
Nemelex Xobeh
Okawaru
Qazlal
Ru
Sif Muna
Trog
Uskayaw
Vehumet
Wu Jian
Xom
Yredelemnul
The Shining One

Shops:
D:5 ?   D:6 *   D:7 :


Innate Abilities, Weirdness & Mutations

You are resistant to damage.
You can heal yourself by infusing magical energy.
You passively map the area around you.
You do not regenerate.


Message History

The vampire barely misses you.
The killer bee buzzes angrily.
You slash the vampire! You freeze the vampire.
The vampire is heavily damaged.
The vampire is infused with unholy energy.
* * * LOW HITPOINT WARNING * * *
The vampire draws life force from you and is healed!
You hit the vampire but do no damage.
The vampire is moderately damaged.
The vampire hits you but does no damage.
You block the vampire's attack.
You barely miss the vampire.
The vampire is moderately damaged.
The black bear growls angrily.
The orc priest shouts!
You hit the vampire. You freeze the vampire.
The vampire is heavily damaged.
You hear a shout! x2
The vampire hits you with an uncursed staff of earth.
You die...

, , #...........# #. * ,*
*#...†o....# ## ++ * *#O.ao.#* #
*.# ###y### .# ## _ ##.# #hO# ..*
*(# ⌠*#.. #)## ⌠.## ##.#
##.######.##### ...# #..#
#...........O.###### ...#####.#*
#..@........y....#..
...'.##..#####..V..........##....
...#.............y.........P..#).
...####.######...........PP......
⌠.## #..# ######.P..P.PPPPP..P
..* #.## .....h.P..PPPP.. .# ##.#
#.P.........PPPP. # #..#
**P..)P..o..PP..P.. #.## *
..P..PP.o.P.P..P..


You could see a vampire, a black bear, a killer bee and an orc.

Vanquished Creatures
  2 two-headed ogres
  Joseph (D:7)
  Grinder (D:4)
  A hippogriff (D:8)
  2 wyverns (D:8)
  Edmund (D:5)
  Menkaure (D:7)
  Duvessa (D:7)
  4 porcupines (D:9)
  A sky beast (D:8)
  2 phantoms
  3 orc warriors
  4 black bears
  An ice beast (D:5)
  3 centaurs
  3 ogres
  A crocodile (D:8)
  8 bullfrogs
  Dowan (D:7)
  A wyvern skeleton (D:7)
  A scorpion (D:9)
  8 wights (D:7)
  8 killer bees
  2 howler monkeys (D:8)
  2 jellies
  7 orc wizards
  5 hounds
  A centaur skeleton (D:7)
  5 orc priests
  3 bullfrog skeletons
  3 iguanas
  8 worker ants
  2 hound skeletons
  Robin (D:4)
  12 adders
  2 white imps
  An ufetubus (D:5)
  2 adder skeletons (D:4)
  3 worms
  3 dart slugs
  2 leopard geckos
  25 orcs
  4 bats
  2 giant cockroaches
  15 goblins
  6 hobgoblins
  12 jackals
  6 kobolds
  3 quokkas
  2 ball pythons
  A frilled lizard (D:2)
  A leopard gecko skeleton (D:4)
  A quokka skeleton (D:6)
  2 rats (D:2)
203 creatures vanquished.

Vanquished Creatures (others)
  39 fungi (D:9)
  28 plants (D:9)
67 creatures vanquished.

Grand Total: 270 creatures vanquished

Notes
Turn   | Place    | Note
-------+----------+-------------------------------------------
     0 | D:1      | Flugslaktarn the Deep Dwarf Fighter began the quest for the
                  | Orb.
     0 | D:1      | Reached XP level 1. HP: 20/20 MP: 1/1
   124 | D:2      | Reached XP level 2. HP: 27/27 MP: 2/2
   255 | D:3      | Reached XP level 3. HP: 32/34 MP: 0/3
   294 | D:4      | Noticed Grinder
   335 | D:4      | Paralysed by Grinder for 3 turns
   343 | D:4      | Killed Grinder
   343 | D:4      | Reached skill level 4 in Axes
   343 | D:4      | Reached XP level 4. HP: 42/44 MP: 0/4
   343 | D:4      | Reached XP level 5. HP: 48/50 MP: 0/5
   446 | D:4      | Reached XP level 6. HP: 51/57 MP: 0/6
   520 | D:4      | Found a staircase to the Ecumenical Temple.
   626 | D:4      | Reached skill level 5 in Axes
   626 | D:4      | Reached XP level 7. HP: 39/66 MP: 0/4
   683 | Temple   | Entered the Ecumenical Temple
   960 | D:4      | You fall into a shaft and drop 2 floors!
  1046 | D:6      | Reached skill level 5 in Fighting
  1058 | D:5      | Entered Level 5 of the Dungeon
  1074 | D:5      | Found an iron altar of Okawaru.
  1221 | D:4      | Noticed Robin
  1235 | D:4      | Killed Robin
  1615 | D:5      | Reached skill level 5 in Armour
  1615 | D:5      | Reached skill level 5 in Shields
  1638 | D:5      | Noticed Edmund
  1643 | D:5      | Reached skill level 6 in Axes
  1690 | D:5      | Killed Edmund
  1690 | D:5      | Reached XP level 8. HP: 44/75 MP: 0/4
  1759 | D:5      | Found Wudeowna's Magic Scroll Shop.
  2623 | D:6      | Found a blossoming altar of Fedhas.
  2782 | D:6      | Found a stormy altar of Qazlal.
  2944 | D:6      | Reached skill level 7 in Axes
  3095 | D:6      | Found Kufeplis's Assorted Antiques.
  3186 | D:6      | HP: 3/76 [orc warrior/+0 halberd (13)]
  3350 | D:7      | Gained mutation: You passively map the area around you.
                  | [Deep Dwarf growth]
  3350 | D:7      | Reached XP level 9. HP: 50/85 MP: 0/3
  3619 | D:7      | Reached skill level 8 in Axes
  3639 | D:7      | Noticed Joseph
  3668 | D:7      | Killed Joseph
  3695 | D:7      | Noticed Menkaure
  3700 | D:7      | Killed Menkaure
  3705 | D:7      | Noticed a +0 dagger
  3706 | D:7      | Found a hide-covered altar of Uskayaw.
  3706 | D:7      | Noticed a +0 hand axe
  3937 | D:7      | Noticed Duvessa
  3940 | D:7      | Noticed Dowan
  3953 | D:7      | Killed Duvessa
  3971 | D:7      | Killed Dowan
  3971 | D:7      | Reached skill level 9 in Axes
  3998 | D:7      | Found Fedahal's Book Shop.
  5173 | D:8      | Noticed a two-headed ogre
  5185 | D:8      | Killed a two-headed ogre
  5185 | D:8      | Reached XP level 10. HP: 8/98 MP: 1/1
  5411 | D:8      | Reached skill level 10 in Axes
  6007 | D:9      | Found a staircase to the Lair.
  6074 | D:9      | Noticed a two-headed ogre
  6075 | D:9      | Noticed a two-headed ogre
  6089 | D:9      | Reached skill level 11 in Axes
  6101 | D:9      | Killed a two-headed ogre
  6195 | D:9      | Found a bloodstained altar of Trog.
  6195 | D:9      | Found a sacrificial altar of Ru.
  6220 | D:9      | HP: 2/100 [vampire/vampiric draining (7)]
  6223 | D:9      | Slain by a vampire

Illustrated notes

Levels and vault maps discovered:
D:1:      dpeg_arrival_water_temple_mockup, layout_loops_cross
D:2:      layout_rooms
D:3:      layout_loops_ring
D:4:      kennysheep_goblin_castle, layout_basic, minmay_temple_entry_waves,
          minmay_misc_feat_five, wad_rectangle_vault, uniq_grinder
D:5:      layout_basic, okawaru_metal_pillars_3, serial_shops,
          kennysheep_mini_moat, uniq_edmund
D:6:      layout_loops_ring, kennysheep_mini, nicolae_overflow_crystal_walls,
          serial_shops, kennysheep_little_box
D:7:      layout_loops_corners, dancing_weapons_uskayaw, serial_shops,
          nicolae_shop_trees, minmay_manual_moon, uniq_joseph, uniq_menkaure,
          uniq_duvessa
D:8:      kennysheep_six_static_rooms, layout_basic, minmay_misc_feat_diagonals
D:9:      layout_roguey, grunt_temple_overflow_gold_and_silver,
          gammafunk_temple_overflow_pools, gammafunk_temple_overflow_wave,
          due_lair_maze_entry_diamond, minmay_misc_feat_rows, grunt_potential
Temple:   nicolae_temple_hex_pool

Skill      XL: |  1  2  3  4  5  6  7  8  9 10 |
---------------+-------------------------------+-----
Fighting       | 3 4 5 6 8 9 |  9.7
Axes           | 4 5 6 7 9 11 | 11.2
Armour         | 4 5 6 7 8 |  8.6
Shields        | 4 5 6 7 8 |  8.6

Action                   |  1- 3 |  4- 6 |  7- 9 | 10-12 || total
-------------------------+-------+-------+-------+-------++-------
Melee: War axe           |    63 |    53 |   352 |       ||   468
       Hand axe          |       |       |    98 |   249 ||   347
 Abil: Heal Wounds       |     2 |     4 |    19 |     5 ||    30
  Use: Scroll            |       |       |    13 |     2 ||    15
       Potion            |       |       |     2 |     9 ||    11
Armor: Scale mail        |    38 |    43 |   163 |   138 ||   382
Dodge: Dodged            |    16 |    41 |   119 |    72 ||   248
Block: Kite shield       |    30 |    52 |   235 |   146 ||   463

Table legend: (Time is in decaauts)
 A = Elapsed time spent in this place.
 B = Non-inter-level travel time spent in this place.
 C = Inter-level travel time spent in this place.
 D = Time resting spent in this place.
 E = Time spent auto-exploring this place.
 F = Levels seen in this place.
 G = Mean time per level.
                   A        B        C        D        E       F      G
               +--------+--------+--------+--------+--------+-----+--------+
         Total |   6268 |   5768 |    500 |      7 |   4055 |  10 |  626.8 |
       Dungeon |   6186 |   5687 |    499 |      7 |   3979 |   9 |  687.3 |
        Temple |     82 |     82 |      0 |      0 |     76 |   1 |   82.0 |
               +--------+--------+--------+--------+--------+-----+--------+

Top non-repeatable levels by time:
     D:5: 1143 daAuts
     D:4: 1120 daAuts
     D:7: 940 daAuts
     D:6: 804 daAuts
     D:8: 743 daAuts
     D:3: 647 daAuts
     D:2: 363 daAuts
     D:9: 315 daAuts
     D:1: 106 daAuts
  Temple: 82 daAuts
